TOP OF THE 1ST |
Pensacola Pilots batting - Pitching for Nantucket Orcas : LHP Ray Morgan
|
Pitching: LHP Ray Morgan
|
|
Batting: SHB José Velásquez
|
0-0: Foul Ball, location: 2F 0-1: Fly out, F1 (Line Drive, 15)
|
Batting: RHB Roberto Gómez
|
0-0: Ball 1-0: Ball 2-0: Ball 3-0: Called Strike 3-1: Foul Ball, location: 2F 3-2: Foul Ball, location: 2F 3-2: Foul Ball, location: 2F 3-2: Ground out 4-3 (Groundball, 4)
|
Batting: LHB Weston Chaney
|
0-0: Ball 1-0: Called Strike 1-1: Swinging Strike 1-2: Fly out, F5 (Popup, 5S)
|
Top of the 1st over - 0 run(s), 0 hit(s), 0 error(s), 0 left on base; Pensacola 0 - Nantucket 0 |
BOTTOM OF THE 1ST |
Nantucket Orcas batting - Pitching for Pensacola Pilots : LHP Mario Galván
|
Pitching: LHP Mario Galván
|
|
Batting: RHB Ramiro Javier
|
0-0: Ball 1-0: Foul Ball, location: 2F 1-1: Fly out, F4 (Popup, 4)
|
Batting: RHB Mike Willis
|
0-0: Foul Ball, location: 2F 0-1: Ball 1-1: Ball 2-1: Ball 3-1: Foul Ball, location: 2F 3-2: SOLO HOME RUN (Flyball, 7D), Distance : 373 ft
|
Batting: LHB Noah Gillespie
|
0-0: Called Strike 0-1: Ball 1-1: SINGLE (Line Drive, 9LS)
|
Batting: SHB Dan Dunn
|
0-0: Called Strike 0-1: Grounds into double play, 5-4-3 (Groundball, 5)
|
Bottom of the 1st over - 1 run(s), 2 hit(s), 0 error(s), 0 left on base; Pensacola 0 - Nantucket 1 |
TOP OF THE 2ND |
Pensacola Pilots batting - Pitching for Nantucket Orcas : LHP Ray Morgan
|
Batting: RHB Aaron Grizzle
|
0-0: Called Strike 0-1: Called Strike 0-2: Ball 1-2: Foul Ball, location: 2F 1-2: Ball 2-2: Ball 3-2: SINGLE (Groundball, 6D)
|
Batting: LHB Ricardo García
|
0-0: Called Strike 0-1: Called Strike 0-2: Foul Ball, location: 2F 0-2: SINGLE (Groundball, 4MD) Aaron Grizzle to second Runner from 2nd tries for 3rd, SAFE, throw made to third Ricardo García to second
|
Batting: LHB Nick Gamble
|
0-0: Ball 1-0: Ball 2-0: Called Strike 2-1: Foul Ball, location: 2F 2-2: Fly out, F8 (Flyball, 8RD) Runner from 3rd tags up, SCORES, no throw Ricardo García to third
|
Batting: SHB Fernando Gutiérrez
|
0-0: Hit by Pitch
|
Pinch Runner at 1st Jesús Sánchez:
|
|
Batting: RHB Markus Cummins
|
0-0: Ball 1-0: Called Strike 1-1: Ball 2-1: Grounds into double play, 4-6-3 (Groundball, 4)
|
Top of the 2nd over - 1 run(s), 2 hit(s), 0 error(s), 1 left on base; Pensacola 1 - Nantucket 1 |
BOTTOM OF THE 2ND |
Nantucket Orcas batting - Pitching for Pensacola Pilots : LHP Mario Galván
|
Batting: RHB Pepe Franco
|
0-0: Ball 1-0: Ball 2-0: Ball 3-0: Base on Balls
|
Batting: RHB Roberto Canó
|
0-0: Ball 1-0: Ball 2-0: Swinging Strike 2-1: Swinging Strike 2-2: Ball 3-2: Base on Balls Pepe Franco to second
|
Batting: LHB Eugene Lee
|
0-0: SINGLE (Line Drive, 34D) Pepe Franco to third Roberto Canó to second
|
Batting: LHB Mauro Díaz
|
0-0: Called Strike 0-1: Called Strike 0-2: Ball 1-2: Fly out, F7 (Flyball, 78M) Runner from 3rd tags up, SCORES, no throw
|
Batting: LHB Juan Lima
|
0-0: Swinging Strike 0-1: Foul Ball, location: 2F 0-2: Ball Wild Pitch! Roberto Canó to third Eugene Lee to second 1-2: Ground out 3-1 (Groundball, 34) Roberto Canó scores Eugene Lee to third
|
Batting: RHB Ramiro Javier
|
0-0: Fly out, F8 (Flyball, 8LM)
|
Bottom of the 2nd over - 2 run(s), 1 hit(s), 0 error(s), 1 left on base; Pensacola 1 - Nantucket 3 |
TOP OF THE 3RD |
Pensacola Pilots batting - Pitching for Nantucket Orcas : LHP Ray Morgan
|
Batting: RHB Pietro Ciccoritti
|
0-0: Swinging Strike 0-1: Fly out, F8 (Line Drive, 8RM)
|
Batting: SHB José Velásquez
|
0-0: Called Strike 0-1: Ball 1-1: Foul Ball, location: 2F 1-2: Foul Ball, location: 2F 1-2: TRIPLE (Flyball, 9LD)
|
Pinch Runner at 3rd Leopoldo Horgan:
|
|
Batting: RHB Roberto Gómez
|
0-0: Called Strike 0-1: Ball Steal of home, Leopoldo Horgan is out 1-1: Foul Ball, location: 2F 1-2: Ball 2-2: Ball 3-2: Foul Ball, location: 2F 3-2: Ground out 5-3 (Groundball, 56S)
|
Top of the 3rd over - 0 run(s), 1 hit(s), 0 error(s), 0 left on base; Pensacola 1 - Nantucket 3 |
BOTTOM OF THE 3RD |
Nantucket Orcas batting - Pitching for Pensacola Pilots : LHP Mario Galván
|
Now at SS: Leopoldo Horgan
|
|
Batting: RHB Mike Willis
|
0-0: Ball 1-0: Swinging Strike 1-1: Ball 2-1: Ball 3-1: SINGLE (Line Drive, 4MD)
|
Batting: LHB Noah Gillespie
|
0-0: Fly out, F4 (Popup, 4)
|
Batting: SHB Dan Dunn
|
0-0: Called Strike 0-1: Fly out, F6 (Popup, 56D)
|
Batting: RHB Pepe Franco
|
0-0: Ball 1-0: Called Strike 1-1: Ball 2-1: Ball 3-1: Foul Ball, location: 2F 3-2: Ground out 6-3 (Groundball, 6S)
|
Bottom of the 3rd over - 0 run(s), 1 hit(s), 0 error(s), 1 left on base; Pensacola 1 - Nantucket 3 |
TOP OF THE 4TH |
Pensacola Pilots batting - Pitching for Nantucket Orcas : LHP Ray Morgan
|
Batting: LHB Weston Chaney
|
0-0: Called Strike 0-1: Called Strike 0-2: Ball 1-2: Foul Ball, location: 2F 1-2: Fly out, F4 (Popup, 4D)
|
Batting: RHB Aaron Grizzle
|
0-0: Called Strike 0-1: Ball 1-1: Swinging Strike 1-2: Foul Ball, location: 2F 1-2: Strikes out swinging
|
Batting: LHB Ricardo García
|
0-0: Ball 1-0: Ball 2-0: Reached on error, E4 (Groundball, 34)
|
Batting: LHB Nick Gamble
|
0-0: Called Strike 0-1: Ball 1-1: Called Strike 1-2: Foul Ball, location: 2F 1-2: Fielders Choice at 2nd, 4-6 (Groundball, 4)
|
Top of the 4th over - 0 run(s), 0 hit(s), 1 error(s), 0 left on base; Pensacola 1 - Nantucket 3 |
BOTTOM OF THE 4TH |
Nantucket Orcas batting - Pitching for Pensacola Pilots : LHP Mario Galván
|
Batting: RHB Roberto Canó
|
0-0: Ground out 6-3 (Groundball, 6)
|
Batting: LHB Eugene Lee
|
0-0: Bunt missed! 0-1: Ground out 4-3 (Groundball, 4)
|
Batting: LHB Mauro Díaz
|
0-0: Swinging Strike 0-1: Ground out 6-3 (Groundball, 6)
|
Bottom of the 4th over - 0 run(s), 0 hit(s), 0 error(s), 0 left on base; Pensacola 1 - Nantucket 3 |
TOP OF THE 5TH |
Pensacola Pilots batting - Pitching for Nantucket Orcas : LHP Ray Morgan
|
Batting: RHB Jesús Sánchez
|
0-0: Ball 1-0: Foul Ball, location: 2F 1-1: Fly out, F7 (Flyball, 7S)
|
Batting: RHB Markus Cummins
|
0-0: Ball 1-0: Called Strike 1-1: Ground out 6-3 (Groundball, 6)
|
Batting: RHB Pietro Ciccoritti
|
0-0: Called Strike 0-1: SINGLE (Groundball, 56D)
|
Pitching: RHP Kade Coleman
|
|
Batting: RHB Leopoldo Horgan
|
0-0: Called Strike 0-1: Called Strike 0-2: Fly out, F6 (Line Drive, 6M)
|
Top of the 5th over - 0 run(s), 1 hit(s), 0 error(s), 1 left on base; Pensacola 1 - Nantucket 3 |
BOTTOM OF THE 5TH |
Nantucket Orcas batting - Pitching for Pensacola Pilots : LHP Mario Galván
|
Batting: LHB Juan Lima
|
0-0: Ground out U3 (Groundball, 34)
|
Batting: RHB Ramiro Javier
|
0-0: Ball 1-0: Foul Ball, location: 2F 1-1: Foul Ball, location: 2F 1-2: Ball 2-2: Strikes out looking
|
Batting: RHB Mike Willis
|
0-0: Called Strike 0-1: Ball 1-1: Ball 2-1: Fly out, F8 (Flyball, 8RM)
|
Bottom of the 5th over - 0 run(s), 0 hit(s), 0 error(s), 0 left on base; Pensacola 1 - Nantucket 3 |
TOP OF THE 6TH |
Pensacola Pilots batting - Pitching for Nantucket Orcas : RHP Kade Coleman
|
Batting: RHB Roberto Gómez
|
0-0: Called Strike 0-1: Ball 1-1: Ball 2-1: Called Strike 2-2: Ground out 5-3 (Groundball, 56)
|
Batting: LHB Weston Chaney
|
0-0: Called Strike 0-1: Swinging Strike 0-2: Strikes out swinging
|
Batting: RHB Aaron Grizzle
|
0-0: Ball 1-0: Swinging Strike 1-1: Called Strike 1-2: Strikes out swinging
|
Top of the 6th over - 0 run(s), 0 hit(s), 0 error(s), 0 left on base; Pensacola 1 - Nantucket 3 |
BOTTOM OF THE 6TH |
Nantucket Orcas batting - Pitching for Pensacola Pilots : LHP Mario Galván
|
Batting: LHB Noah Gillespie
|
0-0: Ball 1-0: SINGLE (Groundball, 34D)
|
Batting: SHB Dan Dunn
|
0-0: Ball 1-0: Called Strike 1-1: Ball 2-1: SINGLE (Groundball, 56D) Noah Gillespie to second
|
Batting: RHB Pepe Franco
|
0-0: Ball 1-0: Foul Ball, location: 2F 1-1: Foul Ball, location: 2F 1-2: Ball 2-2: Foul Ball, location: 2F 2-2: SINGLE (Line Drive, 8RM) Noah Gillespie to third Dan Dunn to second
|
Batting: RHB Roberto Canó
|
0-0: Ball 1-0: Ball 2-0: Fly out, F7 (Line Drive, 7LM) Runner from 3rd tags up, SCORES, no throw
|
Batting: LHB Eugene Lee
|
0-0: Ball Dan Dunn steals 3rd base Pepe Franco to second 1-0: Foul Ball, location: 2F 1-1: Ball 2-1: Swinging Strike 2-2: Ball 3-2: Fly out, F9 (Flyball, 9S)
|
Batting: LHB Mauro Díaz
|
0-0: Ball
|
|
|
|
1-0: Ball 2-0: Ground out 4-3 (Groundball, 34D)
|
Bottom of the 6th over - 1 run(s), 3 hit(s), 0 error(s), 2 left on base; Pensacola 1 - Nantucket 4 |
TOP OF THE 7TH |
Pensacola Pilots batting - Pitching for Nantucket Orcas : RHP Kade Coleman
|
Batting: LHB Ricardo García
|
0-0: Ball 1-0: Ball 2-0: Called Strike 2-1: Called Strike 2-2: Ball 3-2: Foul Ball, location: 2F 3-2: Base on Balls
|
Batting: LHB Nick Gamble
|
0-0: Ball 1-0: Called Strike 1-1: Called Strike Ricardo García steals 2nd base 1-2: Foul Ball, location: 2F 1-2: Ball 2-2: Ground out 5-3 (Groundball, 56S) Ricardo García to third
|
Batting: RHB Jesús Sánchez
|
0-0: Fly out, F7 (Flyball, 7S)
|
Batting: RHB Markus Cummins
|
0-0: Ball 1-0: Foul Ball, location: 2F 1-1: Foul Ball, location: 2F 1-2: Strikes out swinging
|
Top of the 7th over - 0 run(s), 0 hit(s), 0 error(s), 1 left on base; Pensacola 1 - Nantucket 4 |
BOTTOM OF THE 7TH |
Nantucket Orcas batting - Pitching for Pensacola Pilots : LHP Mario Galván
|
Pitching: RHP Jesús Núñez
|
|
Batting: LHB Juan Lima
|
0-0: Fly out, F3 (Popup, 34)
|
Batting: RHB Ramiro Javier
|
0-0: Called Strike 0-1: Fly out, F4 (Popup, 4D)
|
Batting: RHB Mike Willis
|
0-0: Ball 1-0: Called Strike 1-1: Ball 2-1: Foul Ball, location: 2F 2-2: Ball 3-2: Foul Ball, location: 2F 3-2: Base on Balls
|
Pitching: RHP Manuel Valdés
|
|
Batting: LHB Noah Gillespie
|
0-0: Ball 1-0: Ball 2-0: SINGLE (Groundball, 6MD) Mike Willis to second Runner from 2nd tries for 3rd, SAFE, throw made to third
|
Batting: SHB Dan Dunn
|
0-0: Foul Ball, location: 2F 0-1: Ball 1-1: Ball 2-1: Foul Ball, location: 2F 2-2: Fly out, F8 (Flyball, 8LM)
|
Bottom of the 7th over - 0 run(s), 1 hit(s), 0 error(s), 2 left on base; Pensacola 1 - Nantucket 4 |
TOP OF THE 8TH |
Pensacola Pilots batting - Pitching for Nantucket Orcas : RHP Kade Coleman
|
Batting: RHB Pietro Ciccoritti
|
0-0: Ball 1-0: Called Strike 1-1: Called Strike 1-2: Ball 2-2: Strikes out swinging
|
Batting: RHB Leopoldo Horgan
|
0-0: Swinging Strike 0-1: Foul Ball, location: 2F 0-2: Ball 1-2: Strikes out swinging
|
Pitching: RHP Bob Schneider
|
|
Batting: RHB Roberto Gómez
|
0-0: Foul Ball, location: 2F 0-1: Foul Ball, location: 2F 0-2: Ball 1-2: Fly out, F8 (Line Drive, 89M)
|
Top of the 8th over - 0 run(s), 0 hit(s), 0 error(s), 0 left on base; Pensacola 1 - Nantucket 4 |
BOTTOM OF THE 8TH |
Nantucket Orcas batting - Pitching for Pensacola Pilots : RHP Manuel Valdés
|
Batting: RHB Pepe Franco
|
0-0: Ball 1-0: Ball 2-0: Foul Ball, location: 2F 2-1: Foul Ball, location: 2F 2-2: Ball 3-2: Strikes out looking
|
Batting: RHB Roberto Canó
|
0-0: Called Strike 0-1: Foul Ball, location: 2F 0-2: Ball 1-2: SINGLE (Groundball, 6MD)
|
Batting: LHB Eugene Lee
|
0-0: Called Strike 0-1: Ball 1-1: Ground out U3 (Groundball, 34S) Roberto Canó to second
|
Batting: LHB Mauro Díaz
|
0-0: Foul Ball, location: 2F 0-1: Ball 1-1: Swinging Strike 1-2: Ball 2-2: Foul Ball, location: 2F 2-2: Foul Ball, location: 2F 2-2: Foul Ball, location: 2F 2-2: Ball 3-2: Base on Balls
|
Batting: LHB Juan Lima
|
0-0: SINGLE (Flyball, 78S) Roberto Canó to third Mauro Díaz to second Runner from 3rd tries for Home, SAFE, no throw
|
Batting: RHB Ramiro Javier
|
0-0: Ball 1-0: Swinging Strike 1-1: Fielders Choice at 2nd, 4-6 (Groundball, 4)
|
Bottom of the 8th over - 1 run(s), 2 hit(s), 0 error(s), 1 left on base; Pensacola 1 - Nantucket 5 |
TOP OF THE 9TH |
Pensacola Pilots batting - Pitching for Nantucket Orcas : RHP Bob Schneider
|
Batting: LHB Weston Chaney
|
0-0: Ball 1-0: Ball 2-0: Ball 3-0: Base on Balls
|
Batting: RHB Aaron Grizzle
|
0-0: Called Strike 0-1: Foul Ball, location: 2F 0-2: Ball 1-2: Fly out, F8 (Flyball, 89S)
|
Batting: LHB Ricardo García
|
0-0: Foul Ball, location: 2F 0-1: Called Strike 0-2: Ball 1-2: Ball 2-2: 2-RUN HOME RUN (Flyball, 89XD), Distance : 401 ft
|
Pitching: LHP Alberto Gutiérrez
|
|
Batting: LHB Nick Gamble
|
0-0: Ball 1-0: Swinging Strike 1-1: Fly out, F6 (Popup, 6D)
|
Batting: RHB Jesús Sánchez
|
0-0: Ball 1-0: Ball 2-0: Called Strike 2-1: Called Strike 2-2: Ball 3-2: SINGLE (Flyball, 89S)
|
Pinch Hitting: RHB Julian Lee
|
0-0: Swinging Strike 0-1: SINGLE (Line Drive, 8RS) Jesús Sánchez to second
|
Pinch Hitting: RHB Juan Hernández
|
0-0: Ball 1-0: Called Strike 1-1: 3-RUN HOME RUN (Flyball, 7LD), Distance : 355 ft
|
Pitching: RHP Rafael Ruíz
|
|
Batting: RHB Leopoldo Horgan
|
0-0: Called Strike 0-1: Ball 1-1: Swinging Strike 1-2: Ball 2-2: Ground out 1-3 (Groundball, 15S)
|
Top of the 9th over - 5 run(s), 4 hit(s), 0 error(s), 0 left on base; Pensacola 6 - Nantucket 5 |
BOTTOM OF THE 9TH |
Nantucket Orcas batting - Pitching for Pensacola Pilots : RHP Manuel Valdés
|
Now at C: Jesús García
|
|
Now at 2B: Robert Rose
|
|
Now in LF: José Cordero
|
|
Now in CF: Dennis Mays
|
|
Batting: RHB Mike Willis
|
0-0: Ball 1-0: Ball 2-0: Called Strike 2-1: Foul Ball, location: 2F 2-2: Ball 3-2: Base on Balls
|
Batting: LHB Noah Gillespie
|
0-0: Foul Ball, location: 2F 0-1: Swinging Strike 0-2: Ball 1-2: Ball 2-2: Strikes out swinging
|
Batting: SHB Dan Dunn
|
0-0: Called Strike 0-1: Ball 1-1: Ball 2-1: Foul Ball, location: 2F 2-2: Foul Ball, location: 2F 2-2: Ball 3-2: Strikes out swinging
|
Batting: RHB Pepe Franco
|
0-0: Fly out, F5 (Popup, 5D)
|
Bottom of the 9th over - 0 run(s), 0 hit(s), 0 error(s), 1 left on base; Pensacola 6 - Nantucket 5 |
|
Thursday, March 30th, 2017 - OOTP Baseball 17.12 Build 75
|
|